 Dungeon Crawl Stone Soup version 0.22-a0-305-gd21a89c538 (webtiles) character file.

566 Oravi the Bolt Thrower (level 7, -5/43 HPs)
             Began as a Kobold Hunter on Apr 1, 2018.
             Slain by a sky beast (6 damage)
             ... on level 5 of the Dungeon.
             The game lasted 00:24:28 (5467 turns).

Oravi the Bolt Thrower (Kobold Hunter)              Turns: 5467, Time: 00:24:29

Health: -5/43      AC:  3    Str:  9    XL:     7   Next: 59%
Magic:  7/7        EV: 16    Int: 13    God:
Gold:   220        SH:  0    Dex: 17    Spells: 6/6 levels left

rFire    . . .     SeeInvis .   b - +0 short sword
rCold    . . .     Gourm    .   (shield restricted)
rNeg     + . .     Faith    .   c - +0 leather armour
rPois    .         Spirit   .   (no helmet)
rElec    .         Reflect  .   (no cloak)
rCorr    .         Harm     +   (no gloves)
MR       .....                  (no boots)
Stlth    ++........             k - amulet of harm
HPRegen  0.14/turn              m - ring of positive energy
MPRegen  0.10/turn              (no ring)

@: no status effects
A: small, carnivore
a: no special abilities


You were on level 5 of the Dungeon.
You were very full.

You visited 1 branch of the dungeon, and saw 5 of its levels.

You collected 220 gold pieces.

Inventory:

Hand Weapons
 a - a +1 hand crossbow
 b - a +0 short sword (weapon)
Missiles
 d - 48 bolts
Armour
 c - a +0 leather armour (worn)
Jewellery
 k - an amulet of harm (around neck)
 m - a ring of positive energy (left hand)
Wands
 q - a wand of flame (52)
Scrolls
 g - a scroll of fear
 h - 2 scrolls of magic mapping {unknown}
 i - 5 scrolls of identify
 l - a scroll of remove curse {unknown}
 n - a scroll of amnesia {unknown}
 o - a scroll of noise {unknown}
 p - a scroll of blinking
 s - a scroll of teleportation {unknown}
 t - a scroll of enchant armour {unknown}
 v - a scroll of immolation {unknown}
Potions
 e - 3 potions of curing
 j - 2 potions of haste
 r - a potion of invisibility {unknown}
 u - 2 potions of magic {unknown}
 w - a potion of ambrosia {unknown}
 x - a potion of flight {unknown}
 z - a potion of agility {unknown}
Comestibles
 f - 4 rations


   Skills:
 + Level 4.1 Fighting
 + Level 5.4 Short Blades
 + Level 7.0 Crossbows
 + Level 4.5 Dodging
 - Level 1.3 Stealth


You had 6 spell levels left.
You didn't know any spells.

Dungeon Overview and Level Annotations

Branches:
Dungeon (5/15)
 Temple: D:4-7

Altars:
Cheibriados
Gozag
Nemelex Xobeh
Ru
Sif Muna

Annotations:
D:4 Stone's ghost, novice FoFi


Innate Abilities, Weirdness & Mutations

You are small and have problems with some larger weapons.
You are carnivorous and can eat meat at any time.


Message History

Press: ? - help, Shift-Dir - straight line You shoot a bolt.
Firing (i - inventory)
d - 48 bolts (quivered)
Press: ? - help, Shift-Dir - straight line, f - you
Okay, then.
b - a +0 short sword (weapon)
You hit something. You barely miss something. Something hits you.
Something shocks you.
You barely miss something. Something hits you. Something shocks you.
You miss something. Something barely misses you.
You hit something. Something hits you. Something shocks you.
You hit something but do no damage. You miss something. Something hits you.
* * * LOW HITPOINT WARNING * * *
Something shocks you.
* * * LOW HITPOINT WARNING * * *
You hit something but do no damage. Something hits you.
* * * LOW HITPOINT WARNING * * *
Something shocks you.
You die...

####..........
..........)...
........##+###
........##.#
#######..#.# #
##.#.#
#.###### #...#
.#......#####
##..#
.........@{.#
#######..#
######.###.#
#.......># #.#
.# #.########
#.# .# #.# #.#
(# #.# #.# .#
#.# #.# (# #.#
#.# .. #.#
#.#######.#


There were no monsters in sight!

Vanquished Creatures
  An ogre (D:4)
  A water moccasin skeleton (D:5)
  A howler monkey (D:3)
  A hound (D:3)
  Jessica (D:2)
  Ijyb (D:3)
  Natasha (thrice) (D:2)
  Terence (D:2)
  2 worker ants
  A gnoll (D:3)
  A worker ant zombie (D:5)
  5 adders
  An adder zombie (D:5)
  3 worms
  2 dart slugs
  2 leopard geckos
  12 orcs
  10 bats
  6 giant cockroaches
  5 goblins
  13 hobgoblins
  3 jackals (D:2)
  2 kobolds (D:1)
  A quokka (D:4)
  6 ball pythons
  4 frilled lizards
  A quokka skeleton (D:4)
  8 rats
98 creatures vanquished.

Notes
Turn   | Place    | Note
-------+----------+-------------------------------------------
     0 | D:1      | Oravi the Kobold Hunter began the quest for the Orb.
     0 | D:1      | Reached XP level 1. HP: 12/12 MP: 1/1
    60 | D:1      | Reached skill level 5 in Crossbows
   232 | D:1      | Reached XP level 2. HP: 17/17 MP: 2/2
   796 | D:1      | Reached skill level 1 in Short Blades
   796 | D:1      | Reached XP level 3. HP: 22/22 MP: 3/3
  1310 | D:2      | Found a snail-covered altar of Cheibriados.
  1330 | D:2      | Noticed Natasha
  1349 | D:2      | Killed Natasha
  1349 | D:2      | Reached XP level 4. HP: 4/27 MP: 4/4
  1613 | D:2      | Noticed Terence
  1629 | D:2      | Killed Terence
  1795 | D:2      | Found an opulent altar of Gozag.
  1851 | D:2      | Noticed Natasha
  1855 | D:2      | Killed Natasha
  1855 | D:2      | Reached XP level 5. HP: 7/31 MP: 5/5
  2131 | D:2      | Noticed Jessica
  2134 | D:2      | Noticed Natasha
  2135 | D:2      | Killed Natasha
  2135 | D:2      | Reached skill level 6 in Crossbows
  2147 | D:2      | Killed Jessica
  2556 | D:3      | Noticed Ijyb
  2573 | D:3      | Killed Ijyb
  2573 | D:3      | Reached XP level 6. HP: 32/37 MP: 6/6
  3687 | D:3      | Found an opulent altar of Gozag.
  3955 | D:3      | Found a sacrificial altar of Ru.
  4235 | D:4      | Noticed an ogre
  4238 | D:4      | Killed an ogre
  4238 | D:4      | Reached XP level 7. HP: 41/41 MP: 7/7
  4269 | D:4      | Reached skill level 5 in Short Blades
  4724 | D:4      | Found a sparkling altar of Nemelex Xobeh.
  4883 | D:4      | Noticed Stone's ghost (novice FoFi)
  5001 | D:4      | Found a deep blue altar of Sif Muna.
  5290 | D:5      | Entered Level 5 of the Dungeon
  5314 | D:5      | Reached skill level 7 in Crossbows
  5467 | D:5      | HP: 1/43 [something (3)]
  5467 | D:5      | Slain by a sky beast

Vault maps used:
D:1:      saegor_arrival_under_anarchy
D:2:      lemuel_doored_altar, nicolae_gozag_seed_capital, uniq_terence,
          uniq_natasha, uniq_jessica
D:3:      lemuel_coloured_pillars_altar, lemuel_crystal_altar, st_stairs_3,
          hangedman_decor_push, uniq_ijyb
D:4:      kennysheep_mini_moat, nemelex_xobeh_ov_fountains_minmay, first_ration,
          kennysheep_opposing_triangles
D:5:      serial_shops, shop, minmay_fire_ice_demons

Skill      XL: |  1  2  3  4  5  6  7 |
---------------+----------------------+-----
Crossbows      | 5 6 7 |  7.0
Short Blades   | 1 2 3 4 5 |  5.4
Dodging        | 3 4 |  4.5
Fighting       | 3 4 |  4.1
Stealth        | |  1.3

Action                   |  1- 3 |  4- 6 |  7- 9 || total
-------------------------+-------+-------+-------++-------
Melee: Short sword       |   112 |   193 |   106 ||   411
 Fire: Hand crossbow     |     1 |    57 |    32 ||    90
  Use: Potion            |     1 |     1 |     1 ||     3
       Scroll            |       |     3 |       ||     3
 Stab: Sleeping          |     4 |       |       ||     4
  Eat: Chunk             |    10 |     9 |     2 ||    21
Armor: Leather armour    |    17 |    33 |     4 ||    54
       Skin              |       |       |     5 ||     5
Dodge: Dodged            |    79 |   149 |    71 ||   299

Table legend:
 A = Spawn XP
 B = Non-spawn XP
 C = Spawn XP percentage of total XP
 D = Spawn monster count
 E = Non-spawn monster count
 F = Spawn count percentage of total count
 G = Total turns spent on level
                    A         B        C        D         E        F      G
               +---------+---------+-------+---------+---------+-------+---------
         Total |       0 |     809 |   0.0 |       0 |      98 |   0.0 |  5467
               +---------+---------+-------+---------+---------+-------+---------
           D:1 |       0 |      39 |   0.0 |       0 |      22 |   0.0 |  1121
           D:2 |       0 |     205 |   0.0 |       0 |      24 |   0.0 |  1358
           D:3 |       0 |     246 |   0.0 |       0 |      30 |   0.0 |  2049
           D:4 |       0 |     197 |   0.0 |       0 |      17 |   0.0 |   762
           D:5 |       0 |     122 |   0.0 |       0 |       5 |   0.0 |   177
               +---------+---------+-------+---------+---------+-------+---------
